 Dungeon Crawl Stone Soup version 0.29-a0-106-g0a07039d5a (webtiles) character file.

Game seed: 6671677138358969779

9088 frimble the Frost Mage (level 11, -4/81 HPs)
             Began as a Gnoll Ice Elementalist on Feb 17, 2022.
             Slain by a seven-headed hydra (12 damage)
             ... on level 1 of the Lair of Beasts.
             The game lasted 00:24:29 (13443 turns).

frimble the Frost Mage (Gnoll Ice Elementalist)    Turns: 13443, Time: 00:24:29

Health: -4/81      AC: 20    Str: 10    XL:     11   Next: 41%
Magic:  0/23       EV: 12    Int: 22    God:
Gold:   2827       SH:  5    Dex: 13    Spells: 17/26 levels left

rFire   . . .      SeeInvis .   a - +1 dagger (venom)
rCold   . . .      Faith    .   i - +0 buckler
rNeg    . . .      Spirit   +   o - +3 ring mail "Kirip" {rElec}
rPois   .          Reflect  .   (no helmet)
rElec   +          Harm     .   (no cloak)
rCorr   +          Rampage  +   m - +1 pair of gloves
Will    .....                   w - +2 pair of boots {rampage}
Stlth   +++.......              l - amulet of guardian spirit
HPRegen 0.23/turn               B - +6 ring of intelligence
MPRegen 0.18/turn               y - ring of resist corrosion

@: ice-armoured, freezing walls
A: fangs 1, strong nose, distributed training
a: no special abilities


You were on level 1 of the Lair of Beasts.
You visited 2 branches of the dungeon, and saw 11 of its levels.
You also visited: Gauntlet.

You collected 2827 gold pieces.

Inventory:

Hand Weapons
 a - a +1 dagger of venom (weapon)
 b - a +0 vorpal dagger
 v - a +1 antimagic scimitar
Missiles
 q - 3 throwing nets
Armour
 c - a +0 robe of fire resistance
 i - a +0 buckler (worn)
 m - a +1 pair of gloves (worn)
 o - the +3 ring mail "Kirip" (worn) {rElec}
   (You found it on level 4 of the Dungeon)

   rElec:     It insulates you from electricity.
 w - a +2 pair of boots of rampaging (worn)
Jewellery
 l - an amulet of guardian spirit (around neck)
 y - a ring of resist corrosion (right hand)
 B - a +6 ring of intelligence (left hand)
Wands
 f - a wand of flame (9)
 j - a wand of iceblast (12)
 r - a wand of charming (3)
 z - a wand of acid (4)
Scrolls
 g - 3 scrolls of teleportation
 h - a scroll of brand weapon
 k - 7 scrolls of identify
 s - 2 scrolls of enchant armour
 u - a scroll of enchant weapon
Potions
 d - 5 potions of mutation
 e - 5 potions of haste
 p - 2 potions of magic
 t - a potion of flight
 x - 2 potions of cancellation
Miscellaneous
 n - a tin of tremorstones (2/2)
 A - a box of beasts (inert)
 C - a phantom mirror


   Skills:
 + Level 6.2 Fighting
 + Level 6.2 Short Blades
 + Level 6.2 Long Blades
 + Level 6.2 Axes
 + Level 6.2 Maces & Flails
 + Level 6.2 Polearms
 + Level 6.2 Staves
 + Level 6.2 Slings
 + Level 6.2 Bows
 + Level 6.2 Crossbows
 + Level 6.2 Throwing
 + Level 6.2 Armour
 + Level 7.8 Dodging
 + Level 7.6 Stealth
 + Level 6.2 Shields
 + Level 6.2 Unarmed Combat
 + Level 8.1 Spellcasting
 + Level 5.2 Conjurations
 + Level 5.2 Hexes
 + Level 5.2 Summonings
 + Level 5.2 Necromancy
 + Level 5.2 Translocations
 + Level 5.2 Transmutations
 + Level 5.2 Fire Magic
 + Level 8.9 Ice Magic
 + Level 5.2 Air Magic
 + Level 5.2 Earth Magic
 + Level 5.2 Poison Magic
 + Level 6.9 Invocations
 + Level 6.2 Evocations


You had 17 spell levels left.
You knew the following spells:

 Your Spells              Type           Power      Damage    Failure   Level
b - Frozen Ramparts       Ice            96%        1d11      1%          3
c - Ozocubu's Armour      Ice            48%        N/A       1%          3
d - Passwall              Tmut/Erth      25%        N/A       3%          2
e - Apportation           Tloc           62%        N/A       2%          1

Your spell library contained the following spells:

 Spells                   Type           Power      Damage    Failure   Level
 Freeze                   Ice            100%       1d11      1%          1
 Ensorcelled Hibernation  Hex/Ice        80%        N/A       1%          2
 Foxfire                  Conj/Fire      100%       2x1d9     2%          1
 Corpse Rot               Necr/Air       62%        N/A       3%          2
 Poisonous Vapours        Pois/Air       62%        N/A       3%          2
 Summon Guardian Golem    Hex/Summ       31%        N/A       8%          3
 Swiftness                Air            31%        N/A       8%          3
 Hailstorm                Conj/Ice       40%        3d10      12%         4
 Alistair's Intoxication  Tmut/Pois      20%        N/A       56%         5
 Orb of Destruction       Conj           15%        9d7       100%        7
 Spellforged Servitor     Conj/Summ      15%        N/A       100%        7


Dungeon Overview and Level Annotations

Branches:
Dungeon (9/15)             Temple (0/1) D:4            Lair (2/6) D:8
Gauntlet (visited)
  Swamp: Lair:2-4    Shoals: Lair:2-4     Snake: Lair:2-4    Spider: Lair:2-4
    Orc: D:9-12

Altars:
Gozag
Nemelex Xobeh
Qazlal

Shops:
D:3 *

Annotations:
D:4 3 runed translucent doors, drugrobin's ghost, novice DgWr
D:6 2 runed translucent doors, testman's ghost, novice DrTm
D:8 Gastronok; Joseph


Innate Abilities, Weirdness & Mutations

You have very sharp teeth.
Your uncanny sense of smell can sniff out nearby items.
Your experience applies equally to all skills.


Message History

The seven-headed hydra is moderately wounded.
The wall freezes the seven-headed hydra.
The seven-headed hydra bites you but does no damage.
You block the seven-headed hydra's attack.
The seven-headed hydra closely misses you.
The seven-headed hydra bites you but does no damage.
The seven-headed hydra closely misses you.
The seven-headed hydra bites you but does no damage.
The seven-headed hydra bites you.
You hit the seven-headed hydra but do no damage.
You bite the seven-headed hydra.
The seven-headed hydra is moderately wounded.
You hit the seven-headed hydra.
The seven-headed hydra is heavily wounded.
The wall freezes the seven-headed hydra.
The seven-headed hydra bites you but does no damage. x2
The seven-headed hydra barely misses you.
The seven-headed hydra closely misses you.
The seven-headed hydra bites you! x2
The seven-headed hydra barely misses you.
You hit the seven-headed hydra. You bite the seven-headed hydra.
The seven-headed hydra is heavily wounded.
The wall freezes the seven-headed hydra.
The seven-headed hydra seems to slow down.
You block the seven-headed hydra's attack.
The seven-headed hydra bites you but does no damage. x2
The seven-headed hydra bites you!
The seven-headed hydra bites you but does no damage.
The seven-headed hydra misses you. The seven-headed hydra bites you!
* * * LOW HITPOINT WARNING * * *
You hit the seven-headed hydra but do no damage.
The seven-headed hydra is heavily wounded.
You hit the seven-headed hydra.
The seven-headed hydra is heavily wounded.
The wall freezes the seven-headed hydra.
The seven-headed hydra bites you but does no damage.
The seven-headed hydra bites you!
* * * LOW HITPOINT WARNING * * *
The seven-headed hydra bites you!
You die...

.. #. #. # #. .. #.
#########.#### ##. #.
#.....@D...... #..##.
##..##.###.###
.###.... #.#####
........ #.# ##P#.##.
#.# ##... #.# #...
#.#### #.#.
#..#.##############.#.
#.###.................


You could see a seven-headed hydra (very poisoned, slow).

Vanquished Creatures
  2 hydras (Lair:2)
  A two-headed ogre (D:9)
  A black mamba (Lair:1)
  A rime drake (Lair:1)
  2 komodo dragons (Lair:1)
  A hellwing (Gauntlet)
  A queen bee (Gauntlet)
  A slime creature (D:8)
  Grinder (D:6)
  6 yaks (Lair:1)
  Eustachio (D:4)
  A steam dragon (D:8)
  5 water moccasins
  A sky beast (D:5)
  An orc warrior (D:8)
  A hornet zombie (D:7)
  A black bear (D:8)
  2 necrophages
  A centaur (D:8)
  3 ogres
  2 wolves (Lair:2)
  2 kobold brigands
  Blork the orc (D:4)
  5 bullfrogs
  4 scorpions
  A wyvern zombie (D:6)
  10 killer bees
  2 electric eels (Lair:2)
  A howler monkey (D:8)
  A centaur zombie (D:7)
  9 jellies
  A bullfrog skeleton (D:7)
  An orc priest (D:7)
  2 centaur skeletons
  A gnoll shaman (D:9)
  Natasha (thrice) (D:2)
  4 iguanas
  An orc wizard (D:4)
  2 howler monkey skeletons
  10 adders
  8 gnolls
  A shadow imp (D:6)
  3 ufetubi
  2 worms (D:4)
  4 dart slugs
  18 orcs
  4 ball pythons (D:2)
  4 bats
  13 endoplasms
  5 giant cockroaches
  12 goblins
  7 hobgoblins
  7 jackals
  2 quokkas
  A frilled lizard (D:3)
  17 kobolds
  9 rats
214 creatures vanquished.

Vanquished Creatures (collateral kills)
  A shadow (D:7)
  An ice beast (D:6)
  A bullfrog (D:7)
  A shadow imp (D:7)
  A bat (D:2)
5 creatures vanquished.

Vanquished Creatures (others)
  A ball python (Lair:1)
  A kobold (D:4)
  13 fungi
  48 plants
63 creatures vanquished.

Grand Total: 282 creatures vanquished

Notes
Turn   | Place    | Note
-------+----------+-------------------------------------------
     0 | D:1      | frimble the Gnoll Ice Elementalist began the quest for the
                  | Orb.
     0 | D:1      | Reached XP level 1. HP: 13/13 MP: 6/6
    96 | D:1      | Reached XP level 2. HP: 4/19 MP: 7/7
   108 | D:1      | HP: 1/20 [hobgoblin (4)]
   701 | D:1      | Reached XP level 3. HP: 18/25 MP: 9/9
   717 | D:1      | Reached skill level 5 in Spellcasting
  1238 | D:2      | Reached skill level 1 in Invocations
  1268 | D:2      | Learned a level 3 spell: Frozen Ramparts
  1272 | D:2      | Learned a level 3 spell: Ozocubu's Armour
  1341 | D:2      | You fall into a shaft and drop 1 floor!
  1341 | D:3      | Found Fiazewug's General Store.
  1568 | D:2      | Learned a level 2 spell: Passwall
  1594 | D:2      | Noticed Natasha
  1595 | D:2      | Killed Natasha
  1596 | D:2      | Reached skill level 1 in Fighting
  1596 | D:2      | Reached skill level 1 in Short Blades
  1596 | D:2      | Reached skill level 1 in Long Blades
  1596 | D:2      | Reached skill level 1 in Axes
  1596 | D:2      | Reached skill level 1 in Maces & Flails
  1596 | D:2      | Reached skill level 1 in Polearms
  1596 | D:2      | Reached skill level 1 in Staves
  1596 | D:2      | Reached skill level 1 in Slings
  1596 | D:2      | Reached skill level 1 in Bows
  1596 | D:2      | Reached skill level 1 in Crossbows
  1596 | D:2      | Reached skill level 1 in Throwing
  1596 | D:2      | Reached skill level 1 in Armour
  1596 | D:2      | Reached skill level 1 in Shields
  1596 | D:2      | Reached skill level 1 in Unarmed Combat
  1596 | D:2      | Reached skill level 1 in Evocations
  1596 | D:2      | Reached XP level 4. HP: 32/32 MP: 11/11
  1707 | D:2      | Noticed Natasha
  1713 | D:2      | Killed Natasha
  1714 | D:2      | Reached skill level 1 in Conjurations
  1714 | D:2      | Reached skill level 1 in Hexes
  1714 | D:2      | Reached skill level 1 in Summonings
  1714 | D:2      | Reached skill level 1 in Necromancy
  1714 | D:2      | Reached skill level 1 in Translocations
  1714 | D:2      | Reached skill level 1 in Transmutations
  1714 | D:2      | Reached skill level 1 in Fire Magic
  1714 | D:2      | Reached skill level 1 in Air Magic
  1714 | D:2      | Reached skill level 1 in Earth Magic
  1714 | D:2      | Reached skill level 1 in Poison Magic
  1824 | D:2      | Found a sparkling altar of Nemelex Xobeh.
  2190 | D:2      | Noticed Natasha
  2202 | D:2      | Killed Natasha
  2203 | D:2      | Reached XP level 5. HP: 17/37 MP: 12/12
  2917 | D:3      | Found a faded altar of an unknown god.
  2930 | D:3      | Got Plato's Volume of Heat
  3303 | D:4      | Noticed Blork the orc
  3311 | D:4      | Killed Blork the orc
  3327 | D:4      | Reached XP level 6. HP: 31/44 MP: 11/13
  3462 | D:4      | Found a staircase to the Ecumenical Temple.
  3503 | D:4      | Found a runed translucent gate.
  3504 | D:4      | Found a runed translucent gate.
  3504 | D:4      | Found a runed translucent gate.
  3536 | D:4      | Noticed Eustachio
  3561 | D:4      | Killed Eustachio
  3562 | D:4      | Reached skill level 5 in Dodging
  3761 | D:4      | Noticed drugrobin's ghost (novice DgWr)
  4093 | D:4      | Identified the +3 ring mail "Kirip" {rElec}
  4120 | D:4      | Reached XP level 7. HP: 37/50 MP: 10/15
  4460 | D:4      | Identified the +1 chain mail "Oridymuod" {Str+4 Dex+3}
  4753 | D:4      | Reached skill level 5 in Stealth
  4937 | D:4      | Found a stormy altar of Qazlal.
  4938 | D:4      | Found an opulent altar of Gozag.
  5319 | D:5      | Entered Level 5 of the Dungeon
  5402 | D:5      | Reached XP level 8. HP: 27/57 MP: 3/16
  6710 | D:6      | Found a runed translucent door.
  6711 | D:6      | Noticed testman's ghost (novice DrTm)
  6853 | D:6      | Noticed Grinder
  6856 | D:6      | Paralysed by Grinder for 5 turns
  6877 | D:6      | Killed Grinder
  6878 | D:6      | Reached XP level 9. HP: 16/65 MP: 5/18
  7172 | D:6      | Found a runed translucent door.
  8649 | D:7      | Reached skill level 5 in Invocations
  9455 | D:7      | Identified 2 scrolls of acquirement
  9455 | D:7      | Acquired 1084 gold pieces
  9457 | D:7      | Acquired 1187 gold pieces
  9541 | D:8      | Noticed Harold
  9543 | D:8      | Noticed Harold
  9543 | D:8      | Harold changed into Harold the black bear
  9556 | D:8      | Killed Harold the black bear
  9600 | D:8      | Found a staircase to the Lair.
  9614 | D:8      | Noticed Gastronok
  9708 | D:8      | Reached XP level 10. HP: 63/73 MP: 7/20
 10080 | D:8      | Reached skill level 5 in Fighting
 10080 | D:8      | Reached skill level 5 in Short Blades
 10080 | D:8      | Reached skill level 5 in Long Blades
 10080 | D:8      | Reached skill level 5 in Axes
 10080 | D:8      | Reached skill level 5 in Maces & Flails
 10080 | D:8      | Reached skill level 5 in Polearms
 10080 | D:8      | Reached skill level 5 in Staves
 10080 | D:8      | Reached skill level 5 in Slings
 10080 | D:8      | Reached skill level 5 in Bows
 10080 | D:8      | Reached skill level 5 in Crossbows
 10080 | D:8      | Reached skill level 5 in Throwing
 10080 | D:8      | Reached skill level 5 in Armour
 10080 | D:8      | Reached skill level 5 in Shields
 10080 | D:8      | Reached skill level 5 in Unarmed Combat
 10080 | D:8      | Reached skill level 5 in Evocations
 10569 | D:9      | Noticed a two-headed ogre
 10603 | D:9      | Killed a two-headed ogre
 10834 | D:9      | Noticed a seven-headed hydra
 10879 | D:8      | Noticed Joseph
 11278 | Lair:1   | Entered Level 1 of the Lair of Beasts
 11301 | Lair:1   | Learned a level 1 spell: Apportation
 11351 | Lair:1   | Noticed a black mamba
 11354 | Lair:1   | Killed a black mamba
 11684 | Lair:2   | Noticed a six-headed hydra
 11707 | Lair:2   | Killed a six-headed hydra
 11709 | Lair:2   | Noticed a five-headed hydra
 11765 | Lair:2   | Killed a five-headed hydra
 11766 | Lair:2   | Reached XP level 11. HP: 12/81 MP: 6/22
 11772 | Lair:2   | Found a gate leading to a gauntlet.
 11778 | Gauntlet | Entered a Gauntlet
 11778 | Gauntlet | Found a transporter.
 11778 | Gauntlet | Found a transporter.
 11778 | Gauntlet | Found a transporter.
 12095 | Gauntlet | Found a transporter.
 12097 | Gauntlet | Found a large runed translucent door.
 12098 | Gauntlet | Found a large runed translucent door.
 12099 | Gauntlet | Found a large runed translucent door.
 12099 | Gauntlet | Found a large runed translucent door.
 12099 | Gauntlet | Found a runed translucent door.
 12099 | Gauntlet | Found a runed translucent door.
 12100 | Gauntlet | Found a large runed translucent door.
 12101 | Gauntlet | Found a large runed translucent door.
 12102 | Gauntlet | Found a large runed translucent door.
 12102 | Gauntlet | Found a large runed translucent door.
 12103 | Gauntlet | Found a runed translucent gate.
 12103 | Gauntlet | Found a runed translucent gate.
 12103 | Gauntlet | Found a runed translucent gate.
 12104 | Gauntlet | Noticed a sixfirhy
 12105 | Gauntlet | Found a transporter.
 12109 | Gauntlet | Found a transporter.
 12118 | Gauntlet | Noticed a dire elephant
 12119 | Gauntlet | Found a transporter.
 12140 | Gauntlet | Found a transporter.
 12144 | Gauntlet | Noticed a reaper
 12157 | Gauntlet | Found a transporter.
 12161 | Gauntlet | Found a transporter.
 12171 | Gauntlet | Found a transporter.
 12175 | Gauntlet | Found a transporter.
 12211 | Gauntlet | Found a large runed translucent door.
 12212 | Gauntlet | Found a large runed translucent door.
 12213 | Gauntlet | Found a large runed translucent door.
 12213 | Gauntlet | Found a large runed translucent door.
 12214 | Gauntlet | Found a large runed translucent door.
 12215 | Gauntlet | Found a large runed translucent door.
 12216 | Gauntlet | Found a large runed translucent door.
 12216 | Gauntlet | Found a large runed translucent door.
 12282 | Gauntlet | Reached skill level 5 in Conjurations
 12282 | Gauntlet | Reached skill level 5 in Hexes
 12282 | Gauntlet | Reached skill level 5 in Summonings
 12282 | Gauntlet | Reached skill level 5 in Necromancy
 12282 | Gauntlet | Reached skill level 5 in Translocations
 12282 | Gauntlet | Reached skill level 5 in Transmutations
 12282 | Gauntlet | Reached skill level 5 in Fire Magic
 12282 | Gauntlet | Reached skill level 5 in Air Magic
 12282 | Gauntlet | Reached skill level 5 in Earth Magic
 12282 | Gauntlet | Reached skill level 5 in Poison Magic
 12718 | Gauntlet | Noticed a minotaur
 12779 | Lair:2   | HP: 1/81 [komodo dragon (19)]
 13429 | Lair:1   | Noticed a seven-headed hydra
 13443 | Lair:1   | Slain by a seven-headed hydra

Illustrated notes

Levels and vault maps discovered:
D:1:      lightli_molten_gateway, layout_rooms
D:2:      layout_loops_ring, basic_altar, uniq_natasha
D:3:      layout_loops_cross, shapermc_ecumenical_altar_rom_forum, serial_shops,
          nicolae_shop_stone
D:4:      minmay_clustersquares, layout_layer_cave,
          mainiacjoe_overflow_divided_tiny, minmay_temple_entry_grid,
          gammafunk_ghost_icy, chequers_serial_rivers_small_3,
          minmay_strange_pillars, serial_bayou_lagoon_a, uniq_blork_the_orc,
          uniq_eustachio
D:5:      layout_cave_pods
D:6:      layout_rooms, ebering_ghost_sewer_f, uniq_grinder
D:7:      layout_basic, grunt_ministairs_8
D:8:      lemuel_slime, layout_loops_cross, nrook_loot_triangle, uniq_joseph,
          uniq_harold, uniq_gastronok, uniq_grum
D:9:      layout_rooms, orc_0_dummy
Lair:1:   beast_lair_carwin_large_4, layout_loops_ring, dpeg_stationary_puzzle,
          serial_bayou_shore_a
Lair:2:   layout_roguey, gauntlet_entry_generic, grunt_megastairs_2,
          infiniplex_staircase_pool

Skill      XL: |  1  2  3  4  5  6  7  8  9 10 11 |
---------------+----------------------------------+-----
Spellcasting   | 5 6 7 8 |  8.1
Invocations    | 1 2 3 4 5 6 |  6.9
Fighting       | 1 2 4 5 6 |  6.2
Short Blades   | 1 2 4 5 6 |  6.2
Long Blades    | 1 2 4 5 6 |  6.2
Axes           | 1 2 4 5 6 |  6.2
Maces & Flails | 1 2 4 5 6 |  6.2
Polearms       | 1 2 4 5 6 |  6.2
Staves         | 1 2 4 5 6 |  6.2
Slings         | 1 2 4 5 6 |  6.2
Bows           | 1 2 4 5 6 |  6.2
Crossbows      | 1 2 4 5 6 |  6.2
Throwing       | 1 2 4 5 6 |  6.2
Armour         | 1 2 4 5 6 |  6.2
Shields        | 1 2 4 5 6 |  6.2
Unarmed Combat | 1 2 4 5 6 |  6.2
Evocations     | 1 2 4 5 6 |  6.2
Conjurations   | 1 2 3 4 5 |  5.2
Hexes          | 1 2 3 4 5 |  5.2
Summonings     | 1 2 3 4 5 |  5.2
Necromancy     | 1 2 3 4 5 |  5.2
Translocations | 1 2 3 4 5 |  5.2
Transmutations | 1 2 3 4 5 |  5.2
Fire Magic     | 1 2 3 4 5 |  5.2
Air Magic      | 1 2 3 4 5 |  5.2
Earth Magic    | 1 2 3 4 5 |  5.2
Poison Magic   | 1 2 3 4 5 |  5.2
Dodging        | 5 6 7 |  7.8
Stealth        | 5 6 7 |  7.6
Ice Magic      | 8 |  8.9

Action                   |  1- 3 |  4- 6 |  7- 9 | 10-12 || total
-------------------------+-------+-------+-------+-------++-------
Melee: Dagger            |   111 |   164 |   401 |   229 ||   905
       Bite              |    12 |    25 |    66 |    33 ||   136
       Punch             |     3 |     1 |     7 |       ||    11
       Scimitar          |       |       |       |    15 ||    15
 Cast: Freeze            |     6 |       |       |     1 ||     7
       Frozen Ramparts   |       |     3 |    16 |    20 ||    39
       Ozocubu's Armour  |       |     1 |    12 |    15 ||    28
       Apportation       |       |       |       |     5 ||     5
       Passwall          |       |       |       |     2 ||     2
Evoke: Wand              |       |       |     4 |     6 ||    10
       Box of beasts     |       |       |       |     1 ||     1
  Use: Scroll            |     3 |     2 |     8 |     9 ||    22
       Potion            |       |       |     1 |     5 ||     6
 Stab: Sleeping          |     8 |     5 |     5 |     4 ||    22
       Distracted        |       |       |     1 |     1 ||     2
Armor: Robe              |    31 |    41 |       |       ||    72
       Ring mail         |       |     9 |   198 |   118 ||   325
Dodge: Dodged            |    77 |   104 |   236 |   155 ||   572
Block: Buckler           |       |       |    34 |    64 ||    98

Table legend: (Time is in decaauts)
 A = Elapsed time spent in this place.
 B = Non-inter-level travel time spent in this place.
 C = Inter-level travel time spent in this place.
 D = Time resting spent in this place.
 E = Time spent auto-exploring this place.
 F = Levels seen in this place.
 G = Mean time per level.
                   A        B        C        D        E       F      G
               +--------+--------+--------+--------+--------+-----+--------+
         Total |  13309 |  12756 |    553 |   1213 |   9303 |  12 | 1109.1 |
       Dungeon |  11195 |  10697 |    498 |    831 |   8088 |   9 | 1243.9 |
          Lair |   1157 |   1103 |     54 |    382 |    434 |   2 |  578.5 |
      Gauntlet |    956 |    956 |      0 |      0 |    781 |   1 |  956.0 |
               +--------+--------+--------+--------+--------+-----+--------+

Top non-repeatable levels by time:
     D:4: 2135 daAuts
     D:7: 1928 daAuts
     D:6: 1625 daAuts
     D:2: 1455 daAuts
     D:1: 1108 daAuts
     D:5: 1080 daAuts
Gauntlet: 956 daAuts
  Lair:1: 949 daAuts
     D:3: 758 daAuts
     D:8: 661 daAuts
     D:9: 441 daAuts
  Lair:2: 208 daAuts
